 Dungeon Sprint DCSS version 0.30-a0-870-gc5d4c5acee (webtiles) character file.

Game seed: 2956752626505908423

138 rocky1 the Slasher (level 5, -9/41 HPs)
             Began as a Demonspawn Gladiator on Mar 12, 2023.
             Was an Initiate of Gozag.
             Mangled by a two-headed ogre
             ... wielding a +0 giant club
              (32 damage)
             ... in the Dungeon (Sprint IX: "|||||||||||||||||||||||||||||").
             The game lasted 00:01:43 (718 turns).

rocky1 the Slasher (Demonspawn Gladiator)            Turns: 718, Time: 00:01:43

Health: -9/41      AC:  3    Str: 14    XL:     5   Next: 1%
Magic:  5/5        EV: 14    Int:  9    God:    Gozag
Gold:   0          SH:  0    Dex: 17    Spells: 4/4 levels left

rFire   . . .      SeeInvis .    a - +0 long sword
rCold   . . .      Faith    .    (no shield)
rNeg    . . .      Spirit   .    b - +0 leather armour
rPois   .          Reflect  .    (helmet restricted)
rElec   .          Rampage  .    (no cloak)
rCorr   .          NoTele   +    (no gloves)
Will    .....                    (no boots)
Stlth   ++                       (no amulet)
HPRegen 0.26/turn                (no ring)
MPRegen 0.09/turn                (no ring)

@: mighty
A: horns 1, powered by pain 1, weakness stinger 1, demonic touch 1
a: Renounce Religion, Potion Petition, Call Merchant, Bribe Branch


You were in the Dungeon.
You worshipped Gozag.
Gozag was noncommittal.
You visited 1 branch

Inventory:

Hand Weapons
 a - a +0 long sword (weapon)
Missiles
 e - a javelin (quivered)
Armour
 b - a +0 leather armour (worn)
 c - a +0 helmet
Jewellery
 n - a +3 ring of strength
 o - a +2 ring of protection
Wands
 m - a wand of quicksilver (10)
Scrolls
 k - 2 scrolls of blinking
 l - 2 scrolls of amnesia
Potions
 d - a potion of invisibility
 f - 5 potions of curing
 g - 2 potions of heal wounds
 h - a potion of haste
 i - 4 potions of magic
 j - a potion of berserk rage


   Skills:
 + Level 3.3 Fighting
 + Level 6.4 Long Blades
 + Level 3.2 Throwing
 + Level 1.8 Armour
 + Level 5.5 Dodging
 + Level 2.3 Stealth


You had 4 spell levels left.
You didn't know any spells.
Your spell library was empty.

Dungeon Overview and Level Annotations

Branches:
Dungeon (1/1)

Altars:
Cheibriados
Dithmenos
Fedhas
Gozag
Hepliaklqana
Kikubaaqudgha
Makhleb
Nemelex Xobeh
Okawaru
Qazlal
Ru
Sif Muna
Trog
Uskayaw
Vehumet
Wu Jian
Xom
Yredelemnul
Jiyva
Lugonu


Innate Abilities, Weirdness & Mutations

You have a pair of small horns on your head.
You sometimes gain a little power by taking damage.
You have a small tail.
Your touch may inflict minor irresistible damage on your foes.


Message History

There is a basalt altar of Yredelemnul here.
There is a glowing silver altar of Zin here.
There is a glowing golden altar of the Shining One here.
You open the door.
Found four items.
Found a +1 scale mail.
There is an open door here.
Found a +3 ring of strength.
i - 4 potions of magic (gained 2);
d - a potion of invisibility
g - 2 potions of heal wounds;
f - 5 potions of curing (gained 4)
Found a +2 ring of protection.
l - 2 scrolls of amnesia;
k - 2 scrolls of blinking (gained 1)
m - a wand of quicksilver (10)
Items here: )))))).
You see here a +0 pair of gloves.
You see here a +0 pair of gloves.
You see here a +1 scale mail.
n - a +3 ring of strength
o - a +2 ring of protection You open the door. 2 orcs, 2 two-headed ogres, an acid dragon and a kobold brigand come into view.
An orc wizard is wielding a +2 dagger of holy wrath.
The kobold brigand is wielding a +0 dagger and quivering poisoned darts.
The two-headed ogre shouts in stereo! x2
The kobold brigand shouts!
The orc warrior shouts!
You slash the two-headed ogre!
You touch the two-headed ogre!
The two-headed ogre is moderately wounded.
The two-headed ogre hits you with a +0 giant club!!
You focus on the pain.
You feel very mighty all of a sudden. The two-headed ogre closely misses you.
You hit the two-headed ogre. You tail-slap the two-headed ogre!
Your touch misses the two-headed ogre.
The two-headed ogre is heavily wounded.
The orc wizard mumbles some strange words.
The orc wizard flickers and vanishes!
Deactivating autopickup; reactivate with Ctrl-A.
The two-headed ogre hits you with a +0 giant club!!
Ouch! That really hurt!
You die...
Your body crumbles into a pile of gold.

$
▓.▓
$
▓.▓
$
▓)▓
$
▓.▓
▓[▓
$
▓[▓
▓[▓
$
▓.▓
▓@▓
$
▓O▓
▓O▓
$ $
▓.▓
$
▓{▓
$ $
▓D▓
$
▓K▓
$
▓o▓


You could see 2 two-headed ogres, an orc warrior, an acid dragon and a kobold
brigand.

Vanquished Creatures
  An ice beast (D)
  An iguana (D)
  An adder (D)
  An ufetubus (D)
  A giant cockroach (D)
  A goblin (D)
  2 hobgoblins (D)
  A jackal (D)
  A kobold (D)
10 creatures vanquished.

Notes
Turn   | Place    | Note
-------+----------+-------------------------------------------
     0 | D        | rocky1 the Demonspawn Gladiator began the quest for the
                  | Orb.
     0 | D        | Reached XP level 1. HP: 16/16 MP: 1/1
     9 | D        | Reached skill level 3 in Long Blades
   125 | D        | Noticed an ice beast
   125 | D        | Noticed an iguana
   143 | D        | Killed an ice beast
   144 | D        | Reached skill level 5 in Long Blades
   144 | D        | Reached skill level 1 in Armour
   144 | D        | Reached skill level 5 in Dodging
   144 | D        | Discovered your monstrous ancestry.
   144 | D        | Gained mutation: Your touch may inflict minor irresistible
                  | damage on your foes. [demonic ancestry]
   144 | D        | Reached XP level 2. HP: 24/24 MP: 2/2
   144 | D        | Gained mutation: You have a small tail. [demonic ancestry]
   144 | D        | Reached XP level 3. HP: 29/29 MP: 3/3
   144 | D        | Gained mutation: You sometimes gain a little power by
                  | taking damage. [demonic ancestry]
   144 | D        | Reached XP level 4. HP: 35/35 MP: 4/4
   153 | D        | Reached skill level 6 in Long Blades
   163 | D        | Gained mutation: You have a pair of small horns on your
                  | head. [demonic ancestry]
   163 | D        | Reached XP level 5. HP: 22/41 MP: 5/5
   639 | D        | Found a snail-covered altar of Cheibriados.
   639 | D        | Found a shadowy altar of Dithmenos.
   639 | D        | Found a blossoming altar of Fedhas.
   639 | D        | Found an opulent altar of Gozag.
   640 | D        | Found a hazy altar of Hepliaklqana.
   641 | D        | Found a viscous altar of Jiyva.
   642 | D        | Found an ancient bone altar of Kikubaaqudgha.
   643 | D        | Found a corrupted altar of Lugonu.
   644 | D        | Found a burning altar of Makhleb.
   645 | D        | Found a sparkling altar of Nemelex Xobeh.
   646 | D        | Found an iron altar of Okawaru.
   647 | D        | Found a stormy altar of Qazlal.
   648 | D        | Found a sacrificial altar of Ru.
   649 | D        | Found a shimmering blue altar of Sif Muna.
   650 | D        | Found a bloodstained altar of Trog.
   651 | D        | Found a hide-covered altar of Uskayaw.
   652 | D        | Found a radiant altar of Vehumet.
   653 | D        | Found an ornate altar of the Wu Jian Council.
   654 | D        | Found a shimmering altar of Xom.
   655 | D        | Found a basalt altar of Yredelemnul.
   681 | D        | Became a worshipper of Gozag Ym Sagoz the Greedy
   716 | D        | Noticed a two-headed ogre
   716 | D        | Noticed a two-headed ogre
   716 | D        | Noticed an acid dragon
   716 | D        | Noticed an orc warrior
   718 | D        | Mangled by a two-headed ogre

Illustrated notes

Levels and vault maps discovered:
D:        linesprint [early_d, line_temple, items_1, d_10, items_2, lair_1,
          lair_end, items_3, orc_1, orc_end, items_4, d_15, swamp_1, shoals_1,
          snake_1, spider_1, d_20, vaults_1, items_5, swamp_end, shoals_end,
          snake_end, spider_end, vaults_end, d_27, items_6, zot_1, zot_end,
          crypt_end, forest_end, elf_end, slime_end, tomb_end, abyss_end,
          pan_hell_end]

Skill      XL: |  1  2  3  4 |
---------------+-------------+-----
Dodging        | 5 |  5.5
Long Blades    | 5 6 |  6.4
Throwing       | 3 |  3.2
Fighting       | 3 |  3.3
Armour         | 1 |  1.8
Stealth        | 2 |  2.3

Action                     |  1- 3 |  4- 6 || total
---------------------------+-------+-------++-------
  Melee: Long sword        |    28 |    20 ||    48
         Touch             |       |     3 ||     3
         Punch             |       |     1 ||     1
         Tailslap          |       |     1 ||     1
  Throw: Throwing net      |     3 |       ||     3
    Use: Potion            |       |     1 ||     1
   Stab: Held in net/web   |     2 |       ||     2
 Armour: Leather armour    |     5 |     5 ||    10
  Dodge: Dodged            |    13 |    12 ||    25

Table legend: (Time is in decaauts)
 A = Elapsed time spent in this place.
 B = Non-inter-level travel time spent in this place.
 C = Inter-level travel time spent in this place.
 D = Time resting spent in this place.
 E = Time spent auto-exploring this place.
 F = Levels seen in this place.
 G = Mean time per level.
                   A        B        C        D        E       F      G
               +--------+--------+--------+--------+--------+-----+--------+
         Total |    726 |    726 |      0 |    570 |      0 |   1 |  726.0 |
       Dungeon |    726 |    726 |      0 |    570 |      0 |   1 |  726.0 |
               +--------+--------+--------+--------+--------+-----+--------+

Top non-repeatable levels by time:
       D: 726 daAuts
